 Dungeon Crawl Stone Soup version 0.29.1-13-g9f3cf754e1 (webtiles) character file.

Game seed: 843056747065705572

128 leafyfresh the Magician (level 5, -5/35 HPs)
             Began as a Djinni Ice Elementalist on Feb 3, 2023.
             Slain by Crazy Yiuf
             ... wielding a +2 quarterstaff of chaos
              (7 damage)
             ... on level 2 of the Dungeon.
             The game lasted 00:03:53 (3021 turns).

leafyfresh the Magician (Djinni Ice Elementalist)   Turns: 3021, Time: 00:03:54

Health: -5/35      AC:  8    Str:  6 (7)  XL:     5   Next: 33%
Gold:   85         EV:  9    Int: 19 (22) God:
                   SH:  0    Dex: 10 (13)

rFire   + + .      SeeInvis .   m - +6 spear "Eviusmewk" {vorpal, rPois Will+ Int+3}
rCold   x . .      Faith    .   (no shield)
rNeg    . . .      Spirit   .   a - +0 robe
rPois   ∞          Reflect  .   (no helmet)
rElec   .          Harm     .   (no cloak)
rCorr   .          Rampage  .   (no gloves)
Will    +....                   (boots unavailable)
Stlth   ++........              (no amulet)
HPRegen 0.11/turn               (no ring)
MPRegen 0.00/turn               (no ring)

@: ice-armoured, grasped by roots, freezing walls, flying, constricted
A: sickness immunity, fire resistance 2, cold vulnerability 1, float, innate
caster, HP casting, extra vitality 1
a: no special abilities


You were on level 2 of the Dungeon.
You visited 1 branch of the dungeon, and saw 2 of its levels.

You collected 85 gold pieces.

Inventory:

Hand Weapons
 e - a +0 dagger
 k - a +0 short sword of draining
 m - the +6 spear "Eviusmewk" (weapon) {vorpal, rPois Will+ Int+3}
   (You found it on level 2 of the Dungeon)

   It inflicts extra damage upon your enemies.
   Int:       It affects your intelligence (+3).
   rPois:     It protects you from poison.
   Will:      It increases your willpower.
Armour
 a - a +0 robe (worn)
Scrolls
 b - a scroll of identify {unknown}
 d - a scroll of brand weapon {unknown}
 g - 2 scrolls of enchant armour {unknown}
 h - a scroll of amnesia {unknown}
 i - a scroll of poison {unknown}
 j - 2 scrolls of teleportation {unknown}
 n - a scroll of blinking {unknown}
Potions
 c - a potion of curing
 f - 3 potions of degeneration
 l - 2 potions of mutation {unknown}


   Skills:
 + Level 3.6 Dodging
 + Level 2.9 Stealth
 + Level 3.9 Spellcasting


You couldn't memorise any spells.
You knew the following spells:

 Your Spells              Type           Power      Damage    Failure   Level
a - Freeze                Ice            72%        1d9       2%          1
b - Frozen Ramparts       Ice            36%        1d6       9%          3
c - Ozocubu's Armour      Ice            18%        N/A       9%          3
d - Hailstorm             Conj/Ice       18%        3d6       26%         4
e - Sandblast             Erth           36%        2d10      2%          1
f - Searing Ray           Conj           36%        2d5       4%          2
Your spell library was empty.

Dungeon Overview and Level Annotations

Branches:
Dungeon (2/15)

Altars:

Shops:
D:1 *

Annotations:
D:1 2 transporters
D:2 Crazy Yiuf


Innate Abilities, Weirdness & Mutations

You are immune to sickness and miasma.
You are immune to poison.
Your flesh is very heat resistant. (rF++)
You are vulnerable to cold. (rC-)
You float through the air rather than walking.
You learn spells naturally, not from books.
Your magical power is your life essence.
You have superior vitality. (+4 MHP)


Message History

Casting: Frozen Ramparts (dangerous; 7% risk of failure)
Confirm with . or Enter, or press ? or * to list all spells.
A film of ice covers your body!
You reach down and open the door.
Casting: Ozocubu's Armour (dangerous; 7% risk of failure)
Confirm with . or Enter, or press ? or * to list all spells.
Your icy armour thickens.
Crazy Yiuf hits you with a +2 quarterstaff of chaos.
Crazy Yiuf freezes you.
Crazy Yiuf is nearby!
Unknown command.
Casting: Ozocubu's Armour (dangerous; 7% risk of failure)
Confirm with . or Enter, or press ? or * to list all spells.
Your icy armour thickens.
Crazy Yiuf hits you with a +2 quarterstaff of chaos!
* * * LOW HITPOINT WARNING * * *
You resist with almost no effort.
You barely miss Crazy Yiuf.
Crazy Yiuf hits you with a +2 quarterstaff of chaos.
* * * LOW HITPOINT WARNING * * *
It was a potion of degeneration.
There was something very wrong with that liquid.
You feel weakened.
You feel dopey.
You feel clumsy. Crazy Yiuf closely misses you.
It was a potion of curing.
You feel better.
Crazy Yiuf zaps a wand.
The roots erupt in riotous growth!
The grasping roots grab you!
Crazy Yiuf is unaffected.
The now-empty wand crumbles to dust.
The grasping roots constrict you.
Casting: Ozocubu's Armour (dangerous; 9% risk of failure)
Confirm with . or Enter, or press ? or * to list all spells.
Casting: Frozen Ramparts (dangerous; 9% risk of failure)
Press: ? - help, Dir - look around, f - activate The walls around you are covered in ice.
The wall freezes Crazy Yiuf but does no damage.
Crazy Yiuf cries, "Cholesterol!
Rot shrimp rumpyflump."
Crazy Yiuf hits you with a +2 quarterstaff of chaos!
* * * LOW HITPOINT WARNING * * *
Crazy Yiuf freezes you!
You die...

........##.#######...............
........##.....).....#..#######..
#.#.###...................#####..
#.#...#.#################.##.....
..###<#.# #.##..... ..# #.###
#.##...## ..# #.###### ###
##........ ..###...)).## ###..)#
#.....)... ....#.......####@g.).#
##........ ....#.#..).).#..##)))#
#.##....# ......##....#.### ###
#.##....# ....###########
#.##....# ....# ##..##.#.# #.###
###....†...# #.# #.###(##....
..## ############# #.# #)##.#..
...# #...........## #.# #.##.#..


You could see Crazy Yiuf.

Vanquished Creatures
  8 adders (D:2)
  A dart slug (D:1)
  9 bats
  2 endoplasms (D:1)
  2 giant cockroaches
  7 hobgoblins
  2 jackals (D:2)
  2 quokkas (D:1)
  2 ball pythons (D:2)
  8 frilled lizards
  6 goblins
  3 kobolds (D:1)
  3 rats (D:1)
55 creatures vanquished.

Vanquished Creatures (others)
  4 fungi (D:2)
  4 plants (D:2)
8 creatures vanquished.

Grand Total: 63 creatures vanquished

Notes
Turn   | Place    | Note
-------+----------+-------------------------------------------
     0 | D:1      | leafyfresh the Djinni Ice Elementalist began the quest for
                  | the Orb.
     0 | D:1      | leafyfresh set off with the following spells memorised:
                  | Freeze, Frozen Ramparts, Ozocubu's Armour, Hailstorm.
     0 | D:1      | Reached XP level 1. HP: 15/15 MP: 0/0
   301 | D:1      | Reached XP level 2. HP: 5/21 MP: 0/0
  1165 | D:1      | Reached XP level 3. HP: 21/25 MP: 0/0
  1165 | D:1      | Learned a level 1 spell: Sandblast
  1736 | D:1      | Found Pobal's General Store.
  2048 | D:2      | Reached XP level 4. HP: 20/31 MP: 0/0
  2432 | D:2      | Identified the +6 spear "Eviusmewk" {vorpal, rPois Will+
                  | Int+3}
  2479 | D:2      | Found a runed translucent door.
  2480 | D:2      | Noticed Crazy Yiuf
  2583 | D:2      | Reached XP level 5. HP: 32/35 MP: 0/0
  2583 | D:2      | Learned a level 2 spell: Searing Ray
  2947 | D:2      | Found a faded altar of an unknown god.
  3021 | D:2      | Slain by Crazy Yiuf

Illustrated notes

Levels and vault maps discovered:
D:1:      spicycebolla_arrival_transporter_tutorial, layout_basic, serial_shops,
          shop, supply_closet_lemuel, hex_intersection
D:2:      layout_loops_ring, dreamdust_ecumenical_altar_grove,
          minmay_crystal_water, minmay_tripent, uniq_crazy_yiuf_cottage

Skill      XL: |  1  2  3 |
---------------+----------+-----
Stealth        | 2 |  2.9
Dodging        | 3 |  3.6
Spellcasting   | |  3.9

Action                   |  1- 3 |  4- 6 || total
-------------------------+-------+-------++-------
Melee: Unarmed           |    29 |       ||    29
       Dagger            |    14 |     5 ||    19
       Spear             |       |    35 ||    35
 Cast: Freeze            |    26 |     4 ||    30
       Sandblast         |    18 |     7 ||    25
       Frozen Ramparts   |       |     2 ||     2
       Ozocubu's Armour  |       |     3 ||     3
  Use: Potion            |       |     3 ||     3
 Stab: Sleeping          |     2 |     5 ||     7
       Distracted        |       |     1 ||     1
Armor: Robe              |    20 |     3 ||    23
Dodge: Dodged            |    86 |    23 ||   109
